 Dungeon Crawl Stone Soup version 0.19-a0-376-gf780d9b (webtiles) character file.

56718 Loading the Bludgeoner (level 14, -1/101 HPs)
             Began as a Gargoyle Fighter on May 30, 2016.
             Was the Champion of Hepliaklqana.
             Slain by a dire elephant (22 damage)
             ... on level 7 of the Lair of Beasts.
             The game lasted 01:04:06 (20105 turns).

Loading the Bludgeoner (Gargoyle Fighter)          Turns: 20105, Time: 01:04:07

Health: -1/101     AC: 28    Str: 21    XL:     14   Next: 83%
Magic:  22/22      EV: 11    Int:  9    God:    Hepliaklqana [******]
Gold:   1087       SH: 11    Dex: 13    Spells: 0 memorised, 13 levels left

rFire  . . .     SeeInvis .     T - +0 morningstar
rCold  + + .     Gourm    .     Q - +0 chain mail
rNeg   + . .     Faith    .     c - +0 shield
rPois  ∞         Spirit   .     w - +0 helmet {rC+}
rElec  +         Dismiss  .     n - +0 cloak {rC+}
rCorr  .         Reflect  .     k - +1 pair of gloves
SustAt .         Harm     .     (no boots)
MR     +....                    e - amulet of regeneration
Stlth  ..........               o - +5 ring of evasion
                                Y - +1 ring of protection

@: flying, somewhat resistant to hostile enchantments, extremely unstealthy
A: big wings, negative energy resistance 1, robust 1, electricity resistance,
unbreathing, petrification resistance, rot immunity, AC +9
a: Stop Flying, Recall Ancestor, Ancestor Identity, Transference, Idealise,
Renounce Religion


You were on level 7 of the Lair of Beasts.
You worshipped Hepliaklqana.
Hepliaklqana was exalted by your worship.
You were hungry.

You visited 3 branches of the dungeon, and saw 18 of its levels.
You also visited: Ice Cave.

You collected 1087 gold pieces.

Inventory:

Hand Weapons
 z - a +2 lajatang of speed
 M - a +0 dire flail of protection
 O - a +0 great mace
 T - a +0 morningstar (weapon)
Armour
 c - a +0 shield (worn)
 k - a +1 pair of gloves (worn)
 n - a +0 cloak of cold resistance (worn)
 w - a +0 helmet of cold resistance (worn)
 Q - a +0 chain mail (worn)
Jewellery
 e - an amulet of regeneration (around neck)
 m - an uncursed ring of protection from magic
 o - a +5 ring of evasion (right hand)
 q - an uncursed ring of ice
 C - an uncursed ring of protection from magic
 R - an uncursed ring of see invisible
 V - an uncursed ring of sustain attributes
 Y - a +1 ring of protection (left hand)
Wands
 B - a wand of hasting (4/9)
 E - a wand of lightning (5/15)
 K - a wand of disintegration (13/24)
Scrolls
 a - a scroll of teleportation
 j - 2 scrolls of immolation
 p - 4 scrolls of recharging
 r - 2 scrolls of fog
 s - 5 scrolls of remove curse
 t - 2 scrolls of enchant armour
 D - 2 scrolls of magic mapping
 F - 2 scrolls of acquirement
 J - 4 scrolls of amnesia
 S - 2 scrolls of enchant weapon
 U - a scroll of fear
 W - 4 scrolls of blinking
Potions
 b - a potion of ambrosia
 d - 2 potions of flight
 g - 8 potions of curing
 i - 5 potions of mutation
 x - 7 potions of brilliance
 G - a potion of invisibility {unknown}
 H - 2 potions of cancellation
 I - 3 potions of lignification
 Z - 2 potions of magic
Books
 h - a book of Changes

   Spells                             Type                      Level
   a - Beastly Appendage              Transmutation                1
   b - Sticks to Snakes               Transmutation                2
   c - Spider Form                    Transmutation/Poison         3
   d - Ice Form                       Ice/Transmutation            4
   e - Blade Hands                    Transmutation                5
 v - a book of Burglary

   Spells                             Type                      Level
   a - Swiftness                      Charms/Air                   2
   b - Passwall                       Transmutation/Earth          2
   c - Passage of Golubria            Translocation                4
   d - Lee's Rapid Deconstruction     Earth                        5
   e - Darkness                       Hexes                        6
   f - Invisibility                   Hexes                        6
 A - a book of Dreams

   Spells                             Type                      Level
   a - Ensorcelled Hibernation        Hexes/Ice                    2
   b - Silence                        Hexes/Air                    5
   c - Darkness                       Hexes                        6
   d - Shadow Creatures               Summoning                    6
 L - a book of Battle

   Spells                             Type                      Level
   a - Infusion                       Charms                       1
   b - Shroud of Golubria             Charms/Translocation         2
   c - Song of Slaying                Charms                       2
   d - Spectral Weapon                Hexes/Charms                 3
   e - Regeneration                   Charms/Necromancy            3
 N - a book of Frost

   Spells                             Type                      Level
   a - Freeze                         Ice                          1
   b - Throw Frost                    Conjuration/Ice              2
   c - Ozocubu's Armour               Charms/Ice                   3
   d - Throw Icicle                   Conjuration/Ice              4
   e - Summon Ice Beast               Ice/Summoning                4
 P - a book of Minor Magic

   Spells                             Type                      Level
   a - Magic Dart                     Conjuration                  1
   b - Blink                          Translocation                2
   c - Call Imp                       Summoning                    2
   d - Repel Missiles                 Charms/Air                   2
   e - Slow                           Hexes                        2
   f - Conjure Flame                  Conjuration/Fire             3
   g - Mephitic Cloud                 Conjuration/Poison/Air       3
 X - a book of Death

   Spells                             Type                      Level
   a - Corpse Rot                     Necromancy                   2
   b - Sublimation of Blood           Necromancy                   2
   c - Agony                          Necromancy                   5
   d - Dispel Undead                  Necromancy                   5
   e - Excruciating Wounds            Charms/Necromancy            5
   f - Bolt of Draining               Conjuration/Necromancy       5
Comestibles
 f - 12 bread rations
 l - 6 meat rations
 u - 6 chunks of flesh
 y - 7 royal jellies


   Skills:
 + Level 12.7 Fighting
 * Level 15.7 Maces & Flails
 + Level 12.4 Armour
 + Level 7.2 Shields
 + Level 11.4 Invocations


You had 13 spell levels left.
You didn't know any spells.

Dungeon Overview and Level Annotations

Branches:
Dungeon (9/15)             Temple (1/1) D:4            Lair (8/8) D:9
 Shoals (0/4) Lair:3        Snake (0/4) Lair:3
  Slime: Lair:6-8       Orc: D:9-12

Altars:
Ashenzari
Cheibriados
Dithmenos
Elyvilon
Fedhas
Gozag
Hepliaklqana
Kikubaaqudgha
Makhleb
Nemelex Xobeh
Okawaru
Pakellas
Qazlal
Ru
Sif Muna
Trog
Ukayaw
Vehumet
Xom
Yredelemnul
Zin
The Shining One

Shops:
D:6 :

Annotations:
Lair:5 exclusion: 2 oklob plants, Rupert
Lair:7 exclusion: oklob plant


Innate Abilities, Weirdness & Mutations

You are resistant to torment.
Your stone body is resilient (AC +9).
You are immune to poison.
Your large and strong wings let you fly indefinitely.
You resist negative energy. (rN+)
You are resistant to electric shocks. (rElec)
You can survive without breathing.
You are immune to petrification.
You are immune to rotting.
You are robust. (+10% HP)


Message History

The dire elephant closely misses you. The dire elephant trunk-slaps you.
Spork hits the dire elephant but does no damage.
You puncture the dire elephant!
The dire elephant is moderately wounded.
The dire elephant misses you.
The dire elephant trunk-slaps you but does no damage.
You impale the dire elephant!!
The dire elephant is heavily wounded.
Spork hits the dire elephant with a flail.
You hit the dire elephant but do no damage.
The dire elephant is heavily wounded.
The dire elephant tramples you!
* * * LOW HITPOINT WARNING * * *
You hold your ground!
You block the dire elephant's attack.
Spork hits the dire elephant with a flail!
You are too injured to fight recklessly!
You hit the dire elephant but do no damage.
The dire elephant is severely wounded.
The dire elephant tramples you!!
You die...

.# #.............................
## #.............................
###.............................
##...............................
#....P#.........P###.............
########........## #.#...........
#.........# #.##..........
#.......RY## ##............
#........#@# ####......P..
############ ##########


You could see a dire elephant and the friendly Spork the knight.

Vanquished Creatures
  Nessos (Lair:5)
  The ghost of tstbtto the Executioner, a journeyman MiCK of Ru (Lair:8)
  8 hydras
  An anaconda (Lair:8)
  A death yak (Lair:7)
  Urug (Lair:3)
  Pikel (D:6)
  A necromancer (IceCv)
  2 griffons
  15 elephants
  2 black mambas
  An ice statue (IceCv)
  6 spiny frogs
  9 komodo dragons
  10 freezing wraiths (IceCv)
  9 rime drakes
  The ghost of Amnesiac the Destroyer, a novice DEWz (D:6)
  A polar bear (Lair:6)
  A queen bee (Lair:3)
  A wolf spider simulacrum (IceCv)
  14 blink frogs
  Prince Ribbit (D:6)
  A wraith (D:7)
  Sigmund (D:3)
  11 basilisks
  32 yaks
  14 wyverns
  Eustachio (D:4)
  18 hippogriffs
  A hungry ghost (D:7)
  Edmund (D:4)
  2 nagas (Lair:3)
  6 water moccasins
  10 porcupines
  2 orc warriors (D:6)
  4 sky beasts
  3 phantoms
  5 ice beasts
  An eye of draining (D:7)
  3 ogres
  17 crocodiles
  17 wolves
  A centaur (D:6)
  2 big kobolds
  13 giant frogs
  2 water moccasin zombies
  2 wyvern skeletons
  3 scorpions
  2 elephant simulacra (IceCv)
  18 killer bees
  4 wights (D:8)
  2 electric eels
  4 howler monkeys
  2 crimson imps
  2 quasits
  5 draconian simulacra (IceCv)
  A centaur zombie (D:8)
  A centaur skeleton (D:5)
  4 jellies
  4 hounds
  Crazy Yiuf (D:3)
  2 orc priests (D:6)
  A giant frog skeleton (D:4)
  6 orc wizards
  3 iguanas
  3 worker ants
  2 hell rats (Lair:6)
  4 troll simulacra (IceCv)
  18 sheep
  A centaur simulacrum (IceCv)
  3 hound skeletons
  Robin (D:4)
  6 gnolls
  8 adders
  6 naga simulacra (IceCv)
  An ogre simulacrum (IceCv)
  58 river rats
  8 white imps (IceCv)
  An adder skeleton (D:6)
  A worm (D:2)
  9 dart slugs
  A giant gecko (D:3)
  28 orcs
  3 ball pythons
  A giant cockroach (D:4)
  13 goblins
  11 hobgoblins
  7 jackals
  4 quokkas
  8 bats
  A giant gecko skeleton (D:4)
  A giant gecko zombie (D:5)
  8 giant newts
  10 kobolds
  13 rats
  6 plants
568 creatures vanquished.

Vanquished Creatures (collateral kills)
  2 hydras
  2 griffons
  A manticore (Lair:5)
  3 black mambas
  2 elephants
  5 spiny frogs
  A komodo dragon (Lair:1)
  2 rime drakes
  4 blink frogs
  2 basilisks
  A hippogriff (Lair:2)
  8 yaks
  2 nagas (Lair:3)
  3 water moccasins
  A hell hound (Lair:5)
  7 porcupines
  A phantom (D:9)
  3 ice beasts (IceCv)
  A centaur (D:5)
  3 wolves
  3 ogres
  8 crocodiles
  3 giant frogs
  7 killer bees
  A howler monkey (D:5)
  An orc priest (D:6)
  2 orc wizards (D:6)
  3 hell rats (Lair:6)
  3 iguanas
  2 worker ants
  A wolf simulacrum (IceCv)
  2 troll simulacra (IceCv)
  10 sheep
  A naga simulacrum (IceCv)
  An adder (D:8)
  25 river rats
  4 white imps (IceCv)
  2 worms (D:5)
  3 orcs (D:6)
  A giant cockroach (D:5)
  3 jackals
  A kobold (D:9)
  A quokka (D:7)
  A rat (D:5)
  A fungus (Lair:7)
  2 plants
146 creatures vanquished.

Vanquished Creatures (others)
  9 knights
  An orc (D:6)
  A giant newt (D:6)
  28 fungi
  11 plants
50 creatures vanquished.

Grand Total: 764 creatures vanquished

Notes
Turn   | Place    | Note
--------------------------------------------------------------
     0 | D:1      | Loading the Gargoyle Fighter began the quest for the Orb.
     0 | D:1      | Reached XP level 1. HP: 14/14 MP: 1/1
   215 | D:1      | Reached XP level 2. HP: 19/19 MP: 2/2
   619 | D:2      | Reached XP level 3. HP: 16/24 MP: 3/3
   926 | D:2      | Reached skill level 3 in Maces & Flails
  1204 | D:2      | Found a shadowy altar of Dithmenos.
  1238 | D:2      | Reached XP level 4. HP: 29/29 MP: 4/4
  1813 | D:3      | Found a blossoming altar of Fedhas.
  1853 | D:3      | Noticed Crazy Yiuf
  1857 | D:3      | Killed Crazy Yiuf
  1857 | D:3      | Reached XP level 5. HP: 33/33 MP: 5/5
  1896 | D:3      | Noticed Sigmund
  1917 | D:3      | Killed Sigmund
  1917 | D:3      | Reached skill level 4 in Maces & Flails
  1917 | D:3      | Reached XP level 6. HP: 39/39 MP: 6/6
  2013 | D:3      | Found a burning altar of Makhleb.
  2428 | D:3      | Reached skill level 5 in Maces & Flails
  2602 | D:4      | Reached skill level 5 in Fighting
  2633 | D:4      | Reached XP level 7. HP: 44/44 MP: 7/7
  2836 | D:4      | Reached skill level 5 in Armour
  2959 | D:4      | Found a glowing golden altar of the Shining One.
  2993 | D:4      | Noticed Robin
  3009 | D:4      | Killed Robin
  3009 | D:4      | Reached skill level 6 in Maces & Flails
  3220 | D:4      | Found a staircase to the Ecumenical Temple.
  3220 | D:4      | Noticed Edmund
  3220 | D:4      | Noticed Eustachio
  3241 | D:4      | Killed Edmund
  3262 | D:4      | Reached XP level 8. HP: 49/51 MP: 8/8
  3271 | D:4      | Killed Eustachio
  3271 | D:4      | Reached skill level 7 in Maces & Flails
  3306 | Temple   | Entered the Ecumenical Temple
  3360 | Temple   | Became a worshipper of Hepliaklqana
  3630 | D:5      | Entered Level 5 of the Dungeon
  3659 | D:5      | Reached skill level 1 in Invocations
  3734 | D:5      | Found a deep blue altar of Sif Muna.
  3819 | D:5      | Reached * piety under Hepliaklqana
  4083 | D:5      | Noticed a moth of wrath
  4086 | D:5      | Found a bloodstained altar of Trog.
  4973 | D:6      | Reached skill level 8 in Maces & Flails
  4983 | D:6      | Reached XP level 9. HP: 33/56 MP: 10/10
  5037 | D:6      | Noticed Prince Ribbit
  5049 | D:6      | Killed Prince Ribbit
  5189 | D:6      | Noticed Pikel
  5189 | D:6      | Found Hedeaj's Book Emporium.
  5205 | D:6      | Killed Pikel
  5225 | D:6      | Reached skill level 9 in Maces & Flails
  5329 | D:6      | Noticed Amnesiac's ghost (novice DEWz)
  5355 | D:6      | Killed Amnesiac's ghost
  5695 | D:6      | Found a sacrificial altar of Ru.
  5848 | D:7      | Reached XP level 10. HP: 63/64 MP: 13/13
  5974 | D:7      | Reached ** piety under Hepliaklqana
  5975 | D:7      | Remembered your ancestor Spork as a knight
  6077 | D:7      | Reached skill level 10 in Maces & Flails
  6367 | D:7      | Found a radiant altar of Vehumet.
  6580 | D:7      | Reached skill level 5 in Invocations
  6906 | D:8      | Found a white marble altar of Elyvilon.
  6960 | D:8      | Reached *** piety under Hepliaklqana
  6972 | D:8      | Found a shimmering altar of Xom.
  7613 | D:9      | Found an iron altar of Okawaru.
  7621 | D:9      | Got a pitted mace
  7622 | D:9      | Identified the cursed +0 mace of Arrival {venom, -Tele rElec rF+ MR+} (You found it on level 9 of the Dungeon)
  7887 | D:9      | Found a staircase to the Lair.
  7901 | D:9      | Reached skill level 11 in Maces & Flails
  7907 | D:9      | Reached XP level 11. HP: 57/71 MP: 15/15
  8385 | D:9      | Reached **** piety under Hepliaklqana
  8663 | Lair:1   | Entered Level 1 of the Lair of Beasts
  9072 | Lair:1   | Reached skill level 12 in Maces & Flails
  9884 | Lair:1   | Reached skill level 10 in Fighting
 10078 | Lair:2   | Noticed an eight-headed hydra
 10117 | Lair:2   | Killed an eight-headed hydra
 10268 | Lair:2   | Noticed a griffon
 10278 | Lair:2   | Killed a griffon
 10332 | Lair:2   | Noticed a seven-headed hydra
 10620 | Lair:1   | Killed a seven-headed hydra
 10620 | Lair:1   | Reached XP level 12. HP: 41/77 MP: 16/18
 10704 | Lair:2   | Reached skill level 10 in Armour
 11260 | Lair:3   | Reached ***** piety under Hepliaklqana
 11261 | Lair:3   | Found a staircase to the Shoals.
 11273 | Lair:3   | Noticed Urug
 11317 | Lair:3   | Killed Urug
 11654 | Lair:3   | Found a staircase to the Snake Pit.
 12393 | Lair:4   | Reached skill level 13 in Maces & Flails
 12452 | Lair:4   | Noticed a four-headed hydra
 12463 | Lair:4   | Killed a four-headed hydra
 12833 | Lair:4   | Noticed an eight-headed hydra
 12842 | Lair:4   | Killed an eight-headed hydra
 12984 | Lair:4   | Noticed a seven-headed hydra
 12993 | Lair:4   | Killed a seven-headed hydra
 13390 | Lair:5   | Noticed a seven-headed hydra
 13398 | Lair:5   | Killed a seven-headed hydra
 13639 | Lair:5   | Reached XP level 13. HP: 59/84 MP: 20/20
 13984 | Lair:5   | Reached skill level 14 in Maces & Flails
 14611 | Lair:5   | Noticed Nessos
 14663 | Lair:5   | Killed Nessos
 14981 | Lair:5   | Noticed Rupert
 15120 | Lair:6   | Found a frozen archway.
 15157 | IceCv    | Entered an ice cave
 15443 | IceCv    | Reached skill level 10 in Invocations
 15587 | IceCv    | Found an ancient bone altar of Kikubaaqudgha.
 15606 | IceCv    | Reached skill level 5 in Shields
 17072 | Lair:6   | Gained mutation: Your large and strong wings let you fly indefinitely. [Gargoyle growth]
 17072 | Lair:6   | Reached XP level 14. HP: 92/92 MP: 18/21
 17131 | Lair:6   | Reached skill level 15 in Maces & Flails
 17503 | Lair:7   | Reached ****** piety under Hepliaklqana
 18222 | Lair:7   | Gained mutation: You are robust. (+10% HP) [potion of beneficial mutation]
 18536 | Lair:8   | Entered Level 8 of the Lair of Beasts
 18770 | Lair:8   | Noticed tstbtto's ghost (journeyman MiCK)
 19462 | Lair:8   | Identified 3 scrolls of acquirement
 19661 | Lair:8   | Killed tstbtto's ghost
 20032 | Lair:8   | Noticed a dire elephant
 20032 | Lair:8   | Noticed a dire elephant
 20080 | Lair:8   | Noticed a dire elephant
 20081 | Lair:8   | Noticed a dire elephant
 20105 | Lair:7   | Slain by a dire elephant

Vault maps used:
D:1:      mainiacjoe_arrival_reflecting_pool, minmay_misc_feat_nine_boxes
D:2:      grunt_dithmenos_smoke_and_mirrors
D:3:      lemuel_round_altar, old_standard_altar, first_bread, uniq_sigmund,
          uniq_crazy_yiuf_cottage
D:4:      kennysheep_slugbush, old_standard_altar, minmay_temple_entry_glass,
          uniq_robin, uniq_edmund, uniq_eustachio
D:5:      tgw_trog, lemuel_doored_altar, minmay_misc_feat_ornament
D:6:      nicolae_ru_the_path_less_chosen, serial_shops,
          nicolae_shop_temple_entry_statues_fountains, uniq_pikel,
          uniq_prince_ribbit1
D:7:      kennysheep_little_box, grunt_ogre_cave
D:8:      nicolae_overflow_crystal_walls, basic_altar
D:9:      okawaru_ov_weapons_minmay, minmay_lair_entry_grove,
          eino_small_chamber_without_monster
Temple:   zaba_magenta_temple_12
Lair:1:   beast_lair_carwin_large_1, serial_bayou_pond_e
Lair:2:   bh_autumn_forest_stairs
Lair:3:   shoals_dummy_entry, minmay_snake_entry_guardpost_small, special_room,
          beast_lair_carwin_4, uniq_urug
Lair:5:   special_room, dpeg_oklob_1, grunt_megastairs_3, uniq_nessos,
          uniq_rupert
Lair:6:   portal_ice_cave_rime, special_room, serial_bayou_pond_c
Lair:7:   minmay_slime_entry_oklob_enclosed
Lair:8:   due_jungle_book, serial_bayou_pond_d, grunt_megastairs_5,
          serial_bayou_shore_a, infiniplex_staircase_pool_2
IceCv:    ice_cave_small_necro

Skill      XL: |  1  2  3  4  5  6  7  8  9 10 11 12 13 14 |
---------------+-------------------------------------------+-----
Maces & Flails | 3 4 5 6 8 9 11 12 13 14 15 | 15.7
Fighting       | 4 5 6 7 9 10 11 12 | 12.7
Armour         | 4 5 6 7 8 9 11 12 | 12.4
Invocations    | 2 4 6 8 9 10 11 | 11.4
Shields        | 5 7 |  7.2

Action                   |  1- 3 |  4- 6 |  7- 9 | 10-12 | 13-15 || total
-------------------------+-------+-------+-------+-------+-------++-------
Melee: Flail             |   142 |   180 |   308 |   178 |       ||   808
       Whip              |       |       |   109 |       |       ||   109
       Mace              |       |       |       |   500 |       ||   500
       Great mace        |       |       |       |   333 |       ||   333
       Morningstar       |       |       |       |       |  1259 ||  1259
Invok: Recall Ancestor   |       |       |       |     2 |     1 ||     3
       Ancestor Life: Kn |       |       |       |     1 |       ||     1
       Transference      |       |       |       |       |     2 ||     2
 Abil: Fly               |       |       |       |       |     1 ||     1
  Use: Scroll            |       |    13 |     5 |     8 |     8 ||    34
       Potion            |       |     2 |     2 |     5 |     8 ||    17
 Stab: Distracted        |       |       |       |     7 |    10 ||    17
  Eat: Beef jerky        |     2 |       |       |     7 |     1 ||    10
       Chunk             |       |     2 |     6 |     9 |     9 ||    26
       Bread ration      |       |     1 |       |       |       ||     1
       Fruit             |       |       |     2 |       |     3 ||     5
       Royal jelly       |       |       |       |     1 |     3 ||     4
       Pizza             |       |       |       |     4 |     2 ||     6
Armor: Scale mail        |   103 |   144 |   228 |    26 |       ||   501
       Chain mail        |       |       |       |   640 |   683 ||  1323
Dodge: Dodged            |    93 |   125 |   226 |   804 |   509 ||  1757
Block: Shield            |       |       |       |       |   625 ||   625
